 Dungeon Crawl Stone Soup version 0.30-a0-6-g7c9e10e132 (webtiles) character file.

Game seed: 13379737813471689756

179 Spectrina the Magician (level 5, -7/38 HPs)
             Began as a Djinni Venom Mage on Aug 22, 2022.
             Shot with an arrow by a centaur (13 damage)
             ... on level 4 of the Dungeon.
             The game lasted 00:10:26 (1065 turns).

Spectrina the Magician (Djinni Venom Mage)          Turns: 1065, Time: 00:10:27

Health: -7/38      AC:  2    Str:  7    XL:     5   Next: 90%
Gold:   121        EV: 13    Int: 18    God:
                   SH:  0    Dex: 14

rFire   + + .      SeeInvis .    c - +1 mace (protect)
rCold   x . .      Faith    .    (no shield)
rNeg    . . .      Spirit   .    a - +0 robe
rPois   ∞          Reflect  .    (no helmet)
rElec   .          Harm     .    (no cloak)
rCorr   .          Rampage  .    (no gloves)
Will    .....                    (boots unavailable)
Stlth   ++........               (no amulet)
HPRegen 0.12/turn                (no ring)
MPRegen 0.00/turn                (no ring)

@: mighty, flying
A: sickness immunity, fire resistance 2, cold vulnerability 1, float, innate
caster, HP casting, extra vitality 1
a: no special abilities


You were on level 4 of the Dungeon.
You visited 1 branch of the dungeon, and saw 5 of its levels.

You collected 121 gold pieces.

Inventory:

Hand Weapons
 c - a +1 mace of protection (weapon)
Missiles
 f - 3 javelins
 i - 3 poisoned darts (quivered)
Armour
 a - a +0 robe (worn)
Wands
 n - a wand of flame (15)
Scrolls
 b - 4 scrolls of teleportation {unknown}
 e - 5 scrolls of identify {unknown}
 h - a scroll of amnesia {unknown}
 j - a scroll of noise {unknown}
 k - a scroll of poison {unknown}
Potions
 d - a potion of haste
 l - a potion of flight {unknown}
 m - a potion of lignification {unknown}


   Skills:
 + Level 1.6 Fighting
 + Level 3.2 Dodging
 + Level 2.4 Stealth
 * Level 3.4 Spellcasting
 + Level 1.8 Invocations


You couldn't memorise any spells.
You knew the following spells:

 Your Spells              Type           Power      Damage    Failure   Level
a - Sting                 Tmut/Pois      60%        1d6       3%          1
c - Mephitic Cloud        Conj/Pois/Air  15%        N/A       12%         3
d - Olgreb's Toxic Radia  Pois           15%        N/A       36%         4
m - Beastly Appendage     Tmut           30%        N/A       3%          1
p - Call Imp              Summ           15%        N/A       6%          2
q - Poisonous Vapours     Pois/Air       30%        N/A       6%          2
Your spell library was empty.

Dungeon Overview and Level Annotations

Branches:
Dungeon (5/15)
 Temple: D:4-7

Altars:
The Shining One

Annotations:
D:4 Pikel


Innate Abilities, Weirdness & Mutations

You are immune to sickness and miasma.
You are immune to poison.
Your flesh is very heat resistant. (rF++)
You are vulnerable to cold. (rC-)
You float through the air rather than walking.
You learn spells naturally, not from books.
Your magical power is your life essence.
You have superior vitality. (+4 MHP)


Message History

You throw a poisoned dart. The poisoned dart hits the scorpion.
The scorpion looks even sicker.
The scorpion is lightly wounded.
Unknown command.
Casting: Sting (safe; 4% risk of failure)
Confirm with . or Enter, or press ? or * to list all spells.
Aiming: Sting (safe; 4% risk of failure)
Press: ? - help, Shift-Dir - straight line, f/p - scorpion
Aim: a scorpion (moderately wounded, very poisoned, 71% to hit)
The sting hits the scorpion.
The scorpion looks even sicker.
The scorpion is heavily wounded.
Unknown command.
You kill the scorpion!
You feel your intelligence returning.
You feel your dexterity returning.
Unknown command.
You see here a scorpion corpse.
i - a poisoned dart
i - 2 poisoned darts (gained 1)
i - 3 poisoned darts (gained 1)
Found a scroll labelled CUCWOSCHUPP.
e - 5 scrolls labelled CUCWOSCHUPP (gained 1)
A centaur comes into view.
You reach down and open the door.
A kobold, a dart slug, Pikel and 4 lemures come into view.
The kobold is wielding a +0 dagger and quivering poisoned darts.
Pikel is wielding a +2 whip of electrocution and carrying a wand of iceblast (10).
The lemure shouts!
Pikel shouts!
The lemure shouts! x2
The dart slug launches a dart at you. The slug dart hits you.
The lemure shouts!
Found a scroll labelled OSODYW EDEXT.
You hear a shout!
The centaur shouts!
Okay, then.
The centaur wields a +0 shortbow.
The centaur shoots an arrow.
The arrow hits you!
* * * LOW HITPOINT WARNING * * *
It was a potion of might.
You feel very mighty all of a sudden.
The centaur shoots an arrow.
The arrow hits you!
You die...

#.## ...# #... #..#
....... #### ##.# ##.#
##.... # #.# #..# ... #
#†# #..# #.# #
###.###..## #.# #
#.........## +#.#+ . .
#..........###...###...
#
#...........@..8.......
#
#..........###K..###..
# #........c##.'#.#+
#........##K5.#.#
#........#5Kw##.#
#........#55# ...
##...###.### ... #..###
#... .... #.## #####
.....


You could see Pikel and a centaur.

Vanquished Creatures
  2 scorpions (D:4)
  2 adders
  A dart slug (D:3)
  An orc (D:4)
  4 ball pythons
  4 bats
  2 endoplasms
  A giant cockroach (D:4)
  A goblin (D:2)
  3 hobgoblins
  6 jackals (D:4)
  2 quokkas (D:1)
  4 kobolds
  4 rats
37 creatures vanquished.

Notes
Turn   | Place    | Note
-------+----------+-------------------------------------------
     0 | D:1      | Spectrina the Djinni Venom Mage began the quest for the
                  | Orb.
     0 | D:1      | Spectrina set off with the following spells memorised:
                  | Sting, Poisonous Vapours, Mephitic Cloud, Olgreb's Toxic
                  | Radiance.
     0 | D:1      | Reached XP level 1. HP: 15/15 MP: 0/0
   168 | D:1      | Reached XP level 2. HP: 1/21 MP: 0/0
   259 | D:1      | Found a faded altar of an unknown god.
   525 | D:3      | Found a glowing golden altar of the Shining One.
   644 | D:2      | Reached XP level 3. HP: 15/26 MP: 0/0
   644 | D:2      | Learned a level 1 spell: Beastly Appendage
   732 | D:3      | Reached skill level 1 in Invocations
   808 | D:5      | Entered Level 5 of the Dungeon
   818 | D:4      | Noticed a scorpion
   823 | D:4      | Killed a scorpion
   824 | D:4      | Reached skill level 1 in Fighting
   824 | D:4      | Reached XP level 4. HP: 5/32 MP: 0/0
   824 | D:4      | Reached XP level 5. HP: 6/37 MP: 0/0
   824 | D:4      | Learned a level 2 spell: Call Imp
  1031 | D:4      | Noticed a centaur
  1060 | D:4      | Noticed Pikel
  1060 | D:4      | Noticed a lemure
  1060 | D:4      | Noticed a lemure
  1060 | D:4      | Noticed a lemure
  1060 | D:4      | Noticed a lemure
  1065 | D:4      | Shot with an arrow by a centaur

Illustrated notes

Levels and vault maps discovered:
D:1:      elethiomel_arrival_infinity_welcomes_careful_drivers, layout_rooms,
          basic_ecumenical_altar
D:2:      layout_basic, minmay_pentomino_r4, uniq_terence
D:3:      layout_loops_ring, mainiacjoe_overflow_brackets,
          mainiacjoe_overflow_24_doors
D:4:      cheibrodos_barr_body, layout_rooms,
          mainiacjoe_overflow_surrounded_room, amcnicky_altar_gilded, uniq_pikel
D:5:      layout_rooms, overflow_temple_1_default, minmay_temple_entry_glass,
          chequers_serial_rivers_small_b

Skill      XL: |  1  2  3  4  5 |
---------------+----------------+-----
Invocations    | 1 |  1.8
Stealth        | 2 |  2.4
Fighting       | 1 |  1.6
Spellcasting   | 3 |  3.4
Dodging        | 3 |  3.2

Action                   |  1- 3 |  4- 6 || total
-------------------------+-------+-------++-------
Melee: Mace              |    34 |     9 ||    43
       Punch             |     1 |       ||     1
Throw: Dart              |       |     7 ||     7
       Javelin           |       |     4 ||     4
 Cast: Sting             |    26 |     8 ||    34
Evoke: Wand              |       |     1 ||     1
  Use: Potion            |     3 |     1 ||     4
 Stab: Sleeping          |     1 |       ||     1
Armor: Robe              |    22 |     6 ||    28
Dodge: Dodged            |    42 |    10 ||    52

Table legend: (Time is in decaauts)
 A = Elapsed time spent in this place.
 B = Non-inter-level travel time spent in this place.
 C = Inter-level travel time spent in this place.
 D = Time resting spent in this place.
 E = Time spent auto-exploring this place.
 F = Levels seen in this place.
 G = Mean time per level.
                   A        B        C        D        E       F      G
               +--------+--------+--------+--------+--------+-----+--------+
         Total |   1065 |   1065 |      0 |      0 |      0 |   5 |  213.0 |
       Dungeon |   1065 |   1065 |      0 |      0 |      0 |   5 |  213.0 |
               +--------+--------+--------+--------+--------+-----+--------+

Top non-repeatable levels by time:
     D:3: 403 daAuts
     D:4: 308 daAuts
     D:1: 252 daAuts
     D:2: 95 daAuts
     D:5: 5 daAuts
